AoeStats
← KLOAKAN

Arabia

508721229Analyzed
1v1 RM · 9d ago on Sep 23, 2026· 40m 20s· 2 players
Game mode
Random Map
Map size
Tiny (2 player)
Population
200
Speed
Normal
Resources
Standard
Victory
Conquest
Starting age
Dark Age
Ending age
Imperial Age
RankedLock teamsTeams togetherTeam positionsShared explorationLock speedFull tech treeHidden civsTurbo modeCheats
Victory
Defeat
🇨🇿 Sicilians · Czechia
1350
+15
🇺🇸 Malians · United States
1319
-15
Tako龍
6:50 Loom
7:04 Loom
9:59 Feudal Age
11:20 Double-Bit Axe
16:18 Fletching
25:28 Castle Age
24:04 Padded Archer Armor
25:46 Scale Barding Armor
26:02 Bloodlines
25:33 Crossbowman
27:56 Bodkin Arrow
29:06 Forging
33:23 Chain Barding Armor
34:34 Husbandry
36:54 Iron Casting
38:56 Wheelbarrow
38:15 Gold Mining
43:24 Imperial Age
KLOAKAN
8:18 Loom
11:32 Feudal Age
12:12 Double-Bit Axe
13:39 Fletching
14:59 Horse Collar
20:38 Wheelbarrow
20:17 Padded Archer Armor
24:03 Castle Age
22:17 Gold Mining
23:13 Scale Barding Armor
23:56 Bloodlines
25:31 Chain Barding Armor
25:38 Bow Saw
29:26 Town Watch
33:40 Elite Skirmisher
34:44 Leather Archer Armor
37:45 Imperial Age
35:45 Bodkin Arrow
37:05 Husbandry
37:23 Forging
37:22 Heavy Plow
38:41 Iron Casting
39:03 Plate Barding Armor
38:50 Conscription
38:01 Cavalier
39:31 Light Cavalry
41:45 Blast Furnace
Connection lost

Rejoining the realm…

Still unreachable

The connection could not be restored.

Session expired

The server has moved on; the page needs a fresh start.